AoeStats
← ignasimele

Black Forest

506143725Analyzed
2v2 RM · 21d ago on Sep 12, 2026· 68m 2s· 4 players
Game mode
Random Map
Map size
Medium (4 player)
Population
200
Speed
Normal
Resources
Standard
Victory
Conquest
Starting age
Dark Age
Ending age
Imperial Age
RankedLock teamsTeams togetherTeam positionsShared explorationLock speedFull tech treeHidden civsTurbo modeCheats
Victory
Defeat
🇪🇸 Franks · Spain
1009
+9
🇪🇸 Byzantines · Spain
677
+23
🇷🇴 Byzantines · Romania
864
-17
🇨🇿 Spanish · Czechia
810
-15
JulesMan1706
0:32 Loom
12:19 Feudal Age
12:45 Double-Bit Axe
13:44 Wheelbarrow
18:45 Horse Collar
20:18 Fletching
23:35 Gold Mining
26:56 Castle Age
25:07 Stone Mining
28:06 Bow Saw
29:44 Hand Cart
33:22 Heavy Plow
34:47 Fortified Wall
36:23 Ballistics
38:49 Imperial Age
37:18 Thumb Ring
36:33 Elite Skirmisher
36:36 Pikeman
37:16 Squires
39:17 Murder Holes
39:27 Bodkin Arrow
39:32 Padded Archer Armor
42:17 Two-Man Saw
41:51 Crop Rotation
42:52 Chemistry
42:32 Gold Shaft Mining
42:32 Stone Shaft Mining
44:06 Conscription
43:55 Halberdier
45:14 Leather Archer Armor
45:00 Bracer
46:07 Husbandry
50:34 Caravan
51:19 Ring Archer Armor
51:00 Forging
50:50 Scale Mail Armor
50:56 Scale Barding Armor
50:16 Heavy Camel Rider
54:56 Logistica
54:08 Elite Cataphract
55:36 Onager
58:32 Chain Barding Armor
58:28 Chain Mail Armor
58:48 Iron Casting
59:28 Fervor
59:45 Crossbowman
61:30 Arbalester
66:03 Plate Barding Armor
65:59 Plate Mail Armor
ignasimele
12:49 Feudal Age
16:56 Castle Age
14:59 Loom
15:25 Double-Bit Axe
19:00 Bow Saw
23:11 Wheelbarrow
25:30 Stone Mining
25:34 Gold Mining
26:13 Hand Cart
31:02 Imperial Age
28:57 Town Watch
31:05 Town Patrol
31:54 Forging
31:49 Scale Barding Armor
32:31 Coinage
32:01 Caravan
33:46 Banking
33:58 Iron Casting
33:43 Chain Barding Armor
34:17 Gold Shaft Mining
35:52 Blast Furnace
36:22 Plate Barding Armor
35:11 Cavalier
35:56 Husbandry
37:34 Ballistics
38:14 Chemistry
37:26 Fortified Wall
37:11 Murder Holes
37:27 Masonry
37:41 Conscription
37:27 Scale Mail Armor
36:52 Pikeman
37:34 Squires
37:19 Arson
37:38 Paladin
40:35 Chivalry
41:13 Hoardings
41:05 Chain Mail Armor
40:42 Fletching
40:52 Padded Archer Armor
40:22 Heavy Scorpion
44:28 Elite Throwing Axeman
45:40 Bodkin Arrow
46:00 Leather Archer Armor
46:17 Plate Mail Armor
46:18 Man-at-Arms
46:55 Gambesons
48:02 Long Swordsman
48:36 Two-Handed Swordsman
49:10 Champion
52:26 Halberdier
54:01 Onager
59:10 #83
Drexik
3:08 Loom
14:16 Feudal Age
19:06 Padded Archer Armor
18:57 Fletching
19:09 Double-Bit Axe
27:58 Castle Age
26:59 Gold Mining
26:54 Horse Collar
27:07 Stone Mining
29:08 Bow Saw
29:28 Leather Archer Armor
32:38 Stone Shaft Mining
37:17 Imperial Age
34:33 Town Watch
35:23 Wheelbarrow
35:11 Bodkin Arrow
38:09 Scale Barding Armor
38:34 Ring Archer Armor
38:04 Bracer
38:15 Forging
38:05 Scale Mail Armor
38:44 Pikeman
39:24 Squires
39:49 Conscription
40:36 Chemistry
39:57 Ballistics
39:48 Fortified Wall
39:49 Masonry
40:29 Caravan
40:36 Light Cavalry
41:27 Bloodlines
41:42 Chain Barding Armor
41:48 Town Patrol
43:47 Hand Cart
43:43 Hussar
45:16 Cavalier
45:56 Husbandry
46:13 Halberdier
49:52 Chain Mail Armor
50:13 Iron Casting
49:46 Elite Skirmisher
52:41 Elite Conquistador
55:14 Plate Barding Armor
55:39 Blast Furnace
57:20 Plate Mail Armor
57:13 Paladin
Doomdevil
2:22 Loom
11:58 Feudal Age
12:46 Double-Bit Axe
18:24 Castle Age
17:38 Horse Collar
26:09 Heavy Plow
26:43 Bow Saw
30:19 Wheelbarrow
33:33 Imperial Age
30:59 Treadmill Crane
32:00 Hand Cart
31:16 Pikeman
32:26 Stone Mining
32:29 Gold Mining
33:45 Caravan
34:02 Fletching
34:13 Scale Mail Armor
34:57 Crop Rotation
35:30 Two-Man Saw
35:04 Guilds
35:54 Gold Shaft Mining
35:56 Stone Shaft Mining
36:11 Squires
36:55 Coinage
38:23 Chain Mail Armor
38:19 Forging
38:14 Scale Barding Armor
38:10 Padded Archer Armor
38:06 Bodkin Arrow
37:50 Halberdier
38:16 Arson
37:52 Man-at-Arms
39:05 Light Cavalry
39:06 Cavalier
39:47 Husbandry
39:15 Heavy Camel Rider
40:21 Hussar
40:25 Long Swordsman
40:50 Gambesons
42:15 Chemistry
41:35 Ballistics
41:26 Fortified Wall
41:11 Murder Holes
42:20 Chemistry
41:31 Fortified Wall
41:43 Ballistics
41:19 Murder Holes
41:40 Two-Handed Swordsman
41:43 Capped Ram
41:46 Onager
43:06 Banking
42:27 Elite Skirmisher
42:27 Crossbowman
43:13 Thumb Ring
43:57 Bombard Tower
44:01 Ballistics
43:39 Murder Holes
43:28 Champion
43:58 Paladin
45:03 Conscription
47:21 Hoardings
46:07 Elite Cataphract
46:49 Greek Fire
51:06 Logistica
50:19 Siege Ram
58:29 Heresy
58:10 Devotion
58:30 Sanctity
Connection lost

Rejoining the realm…

Still unreachable

The connection could not be restored.

Session expired

The server has moved on; the page needs a fresh start.